 Dungeon Crawl Stone Soup version 0.31.0-9-g3a7656b989 (webtiles) character file.

Game seed: 11683486753923919365

403 Sobieck the Skirmisher (level 6, -1/37 HPs)
             Began as a Deep Elf Hunter on Jan 24, 2024.
             Slain by Pikel
             ... wielding a +2 whip of flaming
              (7 damage)
             ... on level 4 of the Dungeon.
             The game lasted 00:07:56 (3648 turns).

Sobieck the Skirmisher (Deep Elf Hunter)            Turns: 3648, Time: 00:07:57

Health: -1/37      AC:  5    Str:  8    XL:     6   Next: 55%
Magic:  8/8        EV: 14    Int: 20    God:
Gold:   133        SH:  0    Dex: 20    Spells: 5/5 levels left

rFire   . . .        a - +0 shortbow
rCold   . . .        (shield currently unavailable)
rNeg    . . .        c - +0 leather armour
rPois   .            (no helmet)
rElec   .            (no cloak)
rCorr   .            (no gloves)
SInv    +            v - +1 pair of boots
Will    .....        n - amulet of the acrobat
Stlth   ++           k - +6 ring of intelligence
HPRegen 0.26/turn    s - ring of see invisible
MPRegen 0.11/turn

%: acrobat
@: no status effects
A: no striking features
a: no special abilities


You were on level 4 of the Dungeon.
You visited 1 branch of the dungeon, and saw 5 of its levels.
You also visited: Sewer.

You collected 133 gold pieces.

Inventory:

Hand Weapons
 a - a +0 shortbow (weapon)
 m - the +7 trident "Dedidem" {freeze, rF+ rCorr}
   (You found it on level 4 of the Dungeon)

   rF+:       It protects you from fire.
   rCorr:     It protects you from acid and corrosion.
Missiles
 Z - a throwing net
Armour
 c - a +0 leather armour (worn)
 i - a +0 helmet
 p - a +1 leather armour of cold resistance
 v - a +1 pair of boots (worn)
Jewellery
 k - a +6 ring of intelligence (left hand)
 n - an amulet of the acrobat (around neck)
 q - the ring "Jyumid" {^Contam Fly rF- Int+7}
   (You found it on level 2 of the Dungeon)

   [ring of flight]

   Int+7:     It affects your intelligence (+7).
   rF-:       It makes you vulnerable to fire.
   Fly:       It grants you flight.
   ^Contam:   It causes magical contamination when unequipped.
 r - a ring of flight
 s - a ring of see invisible (right hand)
Wands
 t - a wand of roots (8)
 E - a wand of charming (8)
Scrolls
 e - a scroll of fear
 T - a scroll of teleportation
Potions
 b - a potion of lignification
 d - a potion of attraction
 g - 4 potions of ambrosia
 j - a potion of cancellation {unknown}
 l - a potion of magic {unknown}
 o - 2 potions of brilliance
 w - 2 potions of mutation
 H - a potion of haste


   Skills:
 + Level 3.1 Fighting
 * Level 8.3 Ranged Weapons
 + Level 4.6 Dodging
 - Level 1.2 Stealth


You had 5 spell levels left.
You didn't know any spells.
Your spell library contained the following spells:

 Spells                   Type           Power      Damage    Failure   Level
 Blink                    Tloc           0%         N/A       38%         2
 Lesser Beckoning         Tloc           0%         N/A       38%         2
 Momentum Strike          Conj/Tloc      0%         3d8       38%         2
 Dazzling Flash           Conj/Hex       0%         N/A       63%         3
 Hailstorm                Conj/Ice       0%         3d5       63%         3
 Summon Ice Beast         Ice/Summ       0%         N/A       63%         3
 Volatile Blastmotes      Fire/Tloc      0%         2d10      63%         3
 Sculpt Simulacrum        Ice/Alch       0%         N/A       100%        6
 Starburst                Conj/Fire      0%         6d3       100%        6
 Maxwell's Capacitive Co  Air            0%         ∞         100%        8


Dungeon Overview and Level Annotations

Branches:
Dungeon (5/15)              Sewer (visited)
 Temple: D:4-7

Altars:
Gozag
Nemelex Xobeh
Qazlal
Yredelemnul
The Shining One

Annotations:
D:2 1 runed translucent door, Crazy Yiuf
D:4 Pikel


Message History

You shoot an arrow. The arrow misses Pikel.
Pikel closely misses you.
Pikel hits you with a +2 whip of flaming.
Pikel burns you.
You climb upwards.
There is a stone staircase leading down, spattered with blood here.
Unknown command.
Unknown command.
You shoot an arrow. The arrow hits Pikel.
Pikel is heavily wounded.
Pikel hits you with a +2 whip of flaming.
Pikel burns you.
You shoot an arrow.
The arrow hits Pikel but does no damage.
Pikel is heavily wounded.
Pikel barely misses you.
You shoot an arrow. The arrow barely misses Pikel.
Pikel barely misses you.
You shoot an arrow. The arrow hits Pikel.
Pikel is heavily wounded.
Pikel hits you with a +2 whip of flaming.
Pikel burns you.
You shoot an arrow. The arrow hits Pikel.
Pikel is severely wounded.
Pikel closely misses you.
You shoot an arrow. The arrow barely misses Pikel.
Pikel hits you with a +2 whip of flaming.
Pikel burns you.
You shoot an arrow.
The arrow hits Pikel but does no damage.
Pikel is severely wounded.
Pikel hits you with a +2 whip of flaming.
Pikel burns you. Pikel barely misses you.
You shoot an arrow. The arrow hits Pikel!
Pikel is almost dead.
Pikel waves his whip at you.
Pikel hits you with a +2 whip of flaming.
* * * LOW HITPOINT WARNING * * *
Pikel burns you.
* * * LOW HITPOINT WARNING * * *
You shoot an arrow.
The arrow hits Pikel but does no damage.
Pikel is almost dead.
Pikel hits you with a +2 whip of flaming.
* * * LOW HITPOINT WARNING * * *
Pikel burns you.
* * * LOW HITPOINT WARNING * * *
You shoot an arrow. The arrow hits Pikel.
Pikel is almost dead.
Pikel hits you with a +2 whip of flaming!
You die...
Pikel says, "Another soul for the market."

###### #..... #.#### #.#
#.# ######### #.# #.......#
#.#
#######.......###########.#
#.....'......@[[.[........#
#.#####......K.#####.######
#.#
#...(.....#.......######
#.#
#.......#...............
#.#
#.......###.#.###..#####
#.# #.......#
#.#...##.##### #.#
#.......# #.###.........
#.# #.......# #.#
#..#..#### #.# #.......#
#.# #..##.###


You could see Pikel.

Vanquished Creatures
  A scorpion (D:5)
  2 orc priests (D:4)
  An iguana (D:4)
  3 orc wizards (D:4)
  4 adders
  A river rat (Sewer)
  3 gnolls (D:5)
  4 dart slugs
  A ribbon worm (D:3)
  16 orcs
  3 endoplasms
  3 giant cockroaches
  3 goblins
  9 hobgoblins
  3 jackals (D:2)
  2 quokkas
  7 ball pythons
  2 bats (D:1)
  7 frilled lizards
  9 kobolds
  7 rats
91 creatures vanquished.

Vanquished Creatures (others)
  An orc (D:3)
1 creature vanquished.

Grand Total: 92 creatures vanquished

Notes
Turn   | Place    | Note
-------+----------+-------------------------------------------
     0 | D:1      | Sobieck the Deep Elf Hunter began the quest for the Orb.
     0 | D:1      | Reached XP level 1. HP: 12/12 MP: 3/3
   173 | D:1      | Reached XP level 2. HP: 17/17 MP: 4/4
   583 | D:2      | Reached skill level 6 in Ranged Weapons
   583 | D:2      | Reached skill level 3 in Dodging
   583 | D:2      | Reached XP level 3. HP: 13/21 MP: 5/5
   696 | D:2      | Found a runed translucent door.
   697 | D:2      | Noticed Crazy Yiuf
   780 | D:2      | Identified the ring "Jyumid" {^Contam Fly rF- Int+7}
  1245 | D:3      | Reached XP level 4. HP: 26/26 MP: 6/6
  1252 | D:3      | Found a glowing drain.
  1315 | Sewer    | Entered a sewer
  1471 | D:3      | Found an opulent altar of Gozag.
  1525 | D:3      | Found a basalt altar of Yredelemnul.
  1527 | D:3      | Noticed a profane servitor
  1546 | D:3      | Found a glowing golden altar of the Shining One.
  1831 | D:3      | Noticed an angel
  2053 | D:4      | Reached skill level 7 in Ranged Weapons
  2327 | D:4      | Reached XP level 5. HP: 27/31 MP: 7/7
  2384 | D:4      | Identified the +7 trident "Dedidem" {freeze, rF+ rCorr}
  2393 | D:4      | Found a stormy altar of Qazlal.
  2396 | D:4      | Noticed an air elemental
  2396 | D:4      | Noticed a water elemental
  2396 | D:4      | Noticed a fire elemental
  2886 | D:5      | Entered Level 5 of the Dungeon
  3449 | D:5      | Noticed a phantom
  3449 | D:5      | Found a sparkling altar of Nemelex Xobeh.
  3459 | D:4      | Reached XP level 6. HP: 27/36 MP: 8/8
  3523 | D:4      | Reached skill level 3 in Fighting
  3523 | D:4      | Reached skill level 8 in Ranged Weapons
  3629 | D:5      | Noticed Pikel
  3648 | D:4      | Slain by Pikel

Illustrated notes

Levels and vault maps discovered:
D:1:      dpeg_arrival_long_road, layout_basic
D:2:      layout_rooms, uniq_crazy_yiuf_cottage
D:3:      layout_rooms, grunt_temple_overflow_holy_war,
          mainiacjoe_overflow_small_starburst,
          mainiacjoe_sewer_entry_somewhere_in_here_1, minmay_misc_feat_rows
D:4:      layout_basic, nicolae_qazlal_style_of_elements
D:5:      layout_cave_pools, mainiacjoe_overflow_catwalk,
          general_overflow_altar, minmay_temple_entry_trees,
          serial_bayou_lagoon_b, uniq_grinder, uniq_pikel

Skill      XL: |  1  2  3  4  5  6 |
---------------+-------------------+-----
Fighting       | 2 3 |  3.1
Ranged Weapons | 6 7 8 |  8.3
Dodging        | 3 4 |  4.6
Stealth        | |  1.2

Action                     |  1- 3 |  4- 6 || total
---------------------------+-------+-------++-------
   Fire: Shortbow          |   127 |   188 ||   315
    Use: Scroll            |       |    17 ||    17
         Potion            |       |     2 ||     2
 Armour: Leather armour    |    14 |    64 ||    78
  Dodge: Dodged            |    16 |    61 ||    77
